 Dungeon Sprint DCSS version 0.14-a0-3509-g488b3d4 (webtiles) character file.

653 BluebellGnoll the Unseen (level 6, 0/28 HPs)
             Began as a Spriggan Enchanter on Mar 26, 2014.
             Slain by a giant slug (15 damage)
             ... in the Dungeon (Sprint II: "The Violet Keep of Menkaure").
             The game lasted 00:01:33 (201 turns).

BluebellGnoll the Unseen (Spriggan Enchanter)        Turns: 201, Time: 00:01:33

HP   0/28        AC  3     Str  4      XL: 6   Next: 58%
MP  12/22        EV 18     Int 14 (19) God:
Gold 243         SH  0     Dex 16      Spells:  4 memorised,  9 levels left

rFire  . . .     SeeInvis +     a - +1 dagger
rCold  . . .     Clarity  .     b - +1 robe
rNeg   . . .     Conserve .     (shield restricted)
rPois  .         rCorr    .     (helmet restricted)
rElec  .         rRot     .     (no cloak)
SustAb . .       Spirit   .     (gloves unavailable)
rMut   .         Warding  .     (boots unavailable)
Saprov . . .     NoTele   +     (no amulet)
MR     +....                    (no ring)
                                (no ring)

@: very quick, somewhat resistant to hostile enchantments, extraordinarily
stealthy
A: unfitting armour, see invisible, herbivore 3, speed 3, slow metabolism 2
a: no special abilities


You were in the Dungeon.
You were not hungry.

You visited 1 branch You collected 243 gold pieces.

Inventory:

Hand weapons
 a - a +1,+1 dagger (weapon)
Missiles
 d - 12 darts (quivered)
Armour
 b - a +1 robe (worn)
Scrolls
 k - a scroll of blinking
Potions
 e - a potion of porridge
 f - a potion of curing
 g - a potion of heal wounds
 h - a potion of haste
 i - 2 potions of magic
Books
 c - a book of Maledictions

   Spells                             Type                      Level
   *Corona                            Hexes                        1
   *Sure Blade                        Hexes/Charms                 2
   *Ensorcelled Hibernation           Hexes/Ice                    2
   *Confuse                           Hexes                        3
   Enslavement                        Hexes                        4
   Invisibility                       Hexes                        6


   Skills:
 - Level 1.1 Short Blades
 - Level 1.1 Throwing
 - Level 3.0 Dodging
 - Level 17.8 Stealth
 * Level 6.0 Spellcasting
 + Level 7.1 Hexes


You had 9 spell levels left.
You knew the following spells:

 Your Spells              Type           Power        Failure   Level  Hunger
a - Corona                Hex            ###....      1%          1    None
b - Ensorcelled Hibernat  Hex/Ice        ##....       6%          2    #......
c - Confuse               Hex            ###.....     2%          3    ###....
d - Sure Blade            Hex/Chrm       ##........   6%          2    #......


Dungeon Overview and Level Annotations

Branches:
Dungeon (1/1)

Altars:


Innate Abilities, Weirdness & Mutations

You are tiny and cannot use many weapons and most armour.
You have supernaturally acute eyesight.
You are a herbivore.
You cover ground extremely quickly.
You need consume almost no food.


Message History

You hit the giant slug.
The giant slug is lightly wounded.
The giant slug bites you!
You catch the helpless giant slug completely off-guard!
You slice the giant slug!!
The giant slug is heavily wounded.
You hit the giant slug.
The giant slug is severely wounded.
The giant slug seems less confused.
The giant slug completely misses you.
You hit the giant slug.
The giant slug is severely wounded.
Casting: Confuse
Confirm with . or Enter, or press ? or * to list all spells.
Aiming: Confuse
Press: ? - help, Shift-Dir - straight line, f/p - giant slug
Aim: a giant slug (severely wounded)
The giant slug easily resists.
The giant slug bites you!
Ouch! That really hurt!
You die...

## ## ##.
.## .B ยง.
## $#B ###
#.###+###.##
#.%##.##@j.#
##.+.<.'##$+
#%##.##.###
#.###+###%#
## ##


You could see a giant slug.

Vanquished Creatures
  2 giant slugs (D)
  4 brain worms (D)
6 creatures vanquished.

Notes
Turn   | Place    | Note
--------------------------------------------------------------
     0 | D        | BluebellGnoll, the Spriggan Enchanter, began the quest for the Orb.
     0 | D        | Reached XP level 1. HP: 9/9 MP: 4/4
     1 | D        | Noticed a brain worm
     1 | D        | Noticed a brain worm
     1 | D        | Noticed a brain worm
     1 | D        | Noticed a brain worm
     5 | D        | Killed a brain worm
     5 | D        | Reached skill level 11 in Stealth
     5 | D        | Reached XP level 2. HP: 13/13 MP: 7/7
     5 | D        | Reached XP level 3. HP: 16/16 MP: 9/9
     9 | D        | Killed a brain worm
     9 | D        | Reached skill level 14 in Stealth
     9 | D        | Reached XP level 4. HP: 21/21 MP: 12/12
    12 | D        | Killed a brain worm
    12 | D        | Reached skill level 16 in Stealth
    12 | D        | Reached XP level 5. HP: 24/24 MP: 14/14
    14 | D        | Killed a brain worm
    14 | D        | Reached skill level 17 in Stealth
    14 | D        | Reached XP level 6. HP: 28/28 MP: 17/17
    24 | D        | Learned a level 2 spell: Ensorcelled Hibernation
    28 | D        | Learned a level 3 spell: Confuse
    31 | D        | Learned a level 2 spell: Sure Blade
    53 | D        | Noticed a boulder beetle
    53 | D        | Noticed a boulder beetle
    57 | D        | Noticed a giant slug
    57 | D        | Noticed a giant slug
    57 | D        | Noticed a giant slug
    61 | D        | Killed a giant slug
    61 | D        | Reached skill level 5 in Hexes
    64 | D        | Killed a giant slug
   201 | D        | Slain by a giant slug

Action                   |  1- 3 |  4- 6 || total
-------------------------+-------+-------++-------
Melee: Dagger            |     6 |    13 ||    19
 Cast: Confuse           |       |     9 ||     9
       Sure Blade        |       |     1 ||     1
  Use: Potion            |     1 |       ||     1
 Stab: Sleeping          |     1 |     2 ||     3
       Confused          |       |     1 ||     1
